 Dungeon Crawl Stone Soup version 0.29.1-15-g9cfb28693d (webtiles) character file.

Game seed: 9348737249275573271

17813 croobank the Protected (level 12, -3/77 HPs)
             Began as a Demonspawn Fire Elementalist on Mar 21, 2023.
             Was a High Priest of Hepliaklqana.
             Killed from afar by an oklob plant (21 damage)
             ... with a splash of acid
             ... in a Gauntlet.
             The game lasted 00:46:04 (17505 turns).

croobank the Protected (DsFE)                      Turns: 17505, Time: 00:46:04

Health: -3/77      AC: 14    Str:  9    XL:     12   Next: 22%
Magic:  19/32      EV: 16    Int: 20    God:    Hepliaklqana [*****.]
Gold:   1247       SH:  0    Dex: 15    Spells: 13/23 levels left

rFire   . . .      SeeInvis .   a - +5 short sword (elec)
rCold   . . .      Faith    .   (no shield)
rNeg    . . .      Spirit   .   T - quicksilver dragon scales
rPois   .          Reflect  .   (helmet restricted)
rElec   .          Harm     .   g - +2 cloak {Stlth+}
rCorr   .          Rampage  .   A - +0 pair of gloves
Will    +....      NoTele   +   l - +0 pair of boots
Stlth   ++++......              n - amulet of the acrobat
HPRegen 0.22/turn               c - +4 ring of evasion
MPRegen 0.23/turn               z - ring of magical power

@: corroded
A: reduced essence, horns 2, yellow scales 2, powered by death 2, spiny 2, beak,
high MP 1
a: Renounce Religion, Recall Ancestor, Ancestor Identity, Transference, Idealise


You were in a Gauntlet.
You worshipped Hepliaklqana.
Hepliaklqana was extremely pleased with you.
You visited 3 branches of the dungeon, and saw 16 of its levels.
You also visited: Ossuary, Bailey and Gauntlet.

You collected 1273 gold pieces.
You spent 26 gold pieces at shops.

Inventory:

Hand Weapons
 a - a +5 short sword of electrocution (weapon)
 b - a +3 demon trident of draining
 B - a +1 halberd of flaming
Missiles
 L - 8 atropa-tipped darts
 N - 6 silver javelins
 P - 12 curare-tipped darts
Armour
 g - a +2 cloak of stealth (worn)
 l - a +0 pair of boots (worn)
 A - a +0 pair of gloves (worn)
 K - a +2 ring mail of willpower
 Q - a +0 kite shield
 T - quicksilver dragon scales (worn)
Jewellery
 c - a +4 ring of evasion (left hand)
 n - an amulet of the acrobat (around neck)
 s - a ring of willpower
 z - a ring of magical power (right hand)
 D - a ring of protection from cold
 H - a +6 ring of dexterity
Wands
 e - a wand of digging (8)
 u - a wand of acid (15)
 J - a wand of mindburst (15)
 W - a wand of flame (12)
 Z - a wand of roots (5)
Scrolls
 d - a scroll of amnesia
 f - 10 scrolls of teleportation
 m - 7 scrolls of identify
 p - 2 scrolls of blinking
 y - a scroll of fear
 R - 5 scrolls of enchant armour
 S - a scroll of summoning
 X - 3 scrolls of immolation
Potions
 h - 3 potions of cancellation
 i - a potion of lignification
 j - 2 potions of resistance
 k - 6 potions of brilliance
 r - 2 potions of flight
 t - a potion of haste
 v - 4 potions of heal wounds
 x - a potion of mutation
 C - a potion of attraction
 E - 3 potions of might
 M - a potion of ambrosia
 Y - 4 potions of curing
Miscellaneous
 F - a condenser vane
 O - a box of beasts


   Skills:
 + Level 5.4 Fighting
 + Level 9.8 Armour
 + Level 6.0 Dodging
 + Level 6.5 Stealth
 + Level 3.4 Shields
 + Level 6.1 Spellcasting
 + Level 6.4 Conjurations
 + Level 2.6 Hexes
 + Level 6.4 Fire Magic
 + Level 0.5 Ice Magic
 + Level 8.3 Invocations


You had 13 spell levels left.
You knew the following spells:

 Your Spells              Type           Power      Damage    Failure   Level
a - Foxfire               Conj/Fire      100%       2x1d9     1%          1
b - Scorch                Fire           64%        2d8       2%          2
c - Flame Wave            Conj/Fire      31%        2d9       17%         4
d - Inner Flame           Hex/Fire       24%        N/A       11%         3

Your spell library contained the following spells:

 Spells                   Type           Power      Damage    Failure   Level
 Conjure Flame            Conj/Fire      31%        6-21      4%          3
 Freeze                   Ice            32%        1d5       19%         1
 Apportation              Tloc           12%        N/A       24%         1
 Frozen Ramparts          Ice            16%        1d3       50%         3
 Hailstorm                Conj/Ice       20%        3d6       50%         4
 Ice Form                 Ice/Tmut       7%         N/A       91%         4
 Summon Ice Beast         Ice/Summ       7%         N/A       91%         4
 Alistair's Intoxication  Tmut/Pois      4%         N/A       100%        5
 Simulacrum               Ice/Necr       3%         N/A       100%        6


Dungeon Overview and Level Annotations

Branches:
Dungeon (13/15)            Temple (1/1) D:4            Lair (2/5) D:9
  Swamp (0/4) Lair:2        Snake (0/4) Lair:2          Orc (0/2) D:11
Ossuary (visited)          Bailey (visited)         Gauntlet (1/1)
 Vaults: D:13-14

Altars:
Ashenzari
Cheibriados
Dithmenos
Fedhas
Gozag
Hepliaklqana
Kikubaaqudgha
Makhleb
Nemelex Xobeh
Okawaru
Qazlal
Ru
Sif Muna
Trog
Uskayaw
Vehumet
Wu Jian
Xom
Yredelemnul

Shops:
D:5 *

Annotations:
Gauntlet 11 transporters, exclusion: 2 oklob plants


Innate Abilities, Weirdness & Mutations

Your life essence is reduced to manifest your ancestor. (-10% HP)
You have a pair of horns on your head.
You are mostly covered in yellow scales. (AC +3)
You regenerate health from kills.
You are mostly covered in sharp spines.
You have a beak for a mouth.
You have an increased reservoir of magic. (+10% MP)


Message History

The splash of acid hits you!
Casting: Foxfire (safe; 1% risk of failure)
Confirm with . or Enter, or press ? or * to list all spells.
Flames lash the oklob plant.
The oklob plant is lightly damaged.
The oklob plant's fire resistance burns away.
Casting: Scorch (safe; 2% risk of failure)
Confirm with . or Enter, or press ? or * to list all spells.
Flames lash the oklob plant.
The oklob plant is burned terribly!
The oklob plant is lightly damaged.
Casting: Scorch (safe; 2% risk of failure)
Confirm with . or Enter, or press ? or * to list all spells.
Flames lash the oklob plant.
The oklob plant is burned terribly!
The oklob plant is heavily damaged.
Ishtar-belessa gestures at the oklob plant while chanting.
The puff of frost hits the oklob plant but does no damage.
The oklob plant spits acid at you. The splash of acid hits you!
The acid corrodes you!
Casting: Scorch (safe; 2% risk of failure)
Confirm with . or Enter, or press ? or * to list all spells.
Flames lash the oklob plant but do no damage.
Casting: Scorch (safe; 2% risk of failure)
Confirm with . or Enter, or press ? or * to list all spells.
Flames lash the oklob plant.
The oklob plant is burned terribly!
The oklob plant is heavily damaged.
Casting: Scorch (safe; 2% risk of failure)
Confirm with . or Enter, or press ? or * to list all spells.
Flames lash the oklob plant.
The oklob plant is burned terribly!
The oklob plant is severely damaged.
The oklob plant spits acid at you. The splash of acid hits you!!
* * * LOW HITPOINT WARNING * * *
The acid corrodes you!
Casting: Scorch (safe; 2% risk of failure)
Confirm with . or Enter, or press ? or * to list all spells.
Flames lash the oklob plant.
The oklob plant is burned terribly!
The oklob plant is almost destroyed.
The oklob plant spits acid at you. The splash of acid hits you!!
You die...

#8#..#.#.###. .^#.
###..#.##...##.#.. ..#.
#..#...WW....#.. ...#
###..###########... ####
#8#.....#.©.#....§ . .©.#
###...8.#...#.8.≈8≈.8. ...#
#.....#.©.#..§§≈.... .©.#
###..###########...### ####
#8#..#...R@..P##...#.. ≈≈..
###..#..######©#...#.≈ ..≈≈
#..#.##....###...#≈. ≈..≈
###..#.#.####.##...#≈.≈.≈≈.
#8#.©#.##.©.##.#...#.≈≈.©≈.
###..##.####.#†#...#....≈≈.
#..###....##.#...#..≈≈..≈
###..#.######..#...#≈≈≈.≈≈.
#8#..#.........#...#....≈..


You could see the friendly Ishtar-belessa the battlemage, an oklob plant
(combustible, ally target) and 2 shadows.

Vanquished Creatures
  A boulder beetle (Lair:1)
  2 hydras (Lair:1)
  A two-headed ogre (D:12)
  The ghost of Soil the Trooper, a novice NaFi of Hepliaklqana (D:9)
  A centaur warrior (D:12)
  Urug (D:11)
  Nergalle (D:10)
  An ugly thing (D:12)
  2 slime creatures (D:12)
  A cane toad (Lair:1)
  A troll (D:12)
  A hornet (D:9)
  A shadow (D:11)
  2 wraiths
  A vampire (D:11)
  A wyvern (Lair:1)
  7 yaks
  4 vampire mosquitoes (D:10)
  An acid dragon (Gauntlet)
  2 water moccasins
  4 orc warriors (Bailey)
  2 ice beasts (D:6)
  An ogre (D:4)
  2 phantoms
  8 centaurs
  5 bullfrogs
  2 elf zombies (Ossuary)
  A gnoll sergeant (D:6)
  7 kobold brigands
  3 scorpions
  3 wights (D:9)
  7 killer bees (D:11)
  A howler monkey (D:7)
  2 quasits (D:6)
  2 human zombies (Ossuary)
  A centaur zombie (Ossuary)
  2 orc priests
  4 hounds
  7 orc wizards
  4 iguanas
  3 mummies
  3 gnolls (D:6)
  4 adders
  7 river rats (D:7)
  4 shadow imps (D:6)
  4 white imps
  4 ufetubi
  An adder zombie (Ossuary)
  A worm (D:2)
  2 dart slugs
  25 orcs
  5 ball pythons
  5 endoplasms
  4 giant cockroaches
  13 goblins
  10 hobgoblins
  5 jackals
  20 kobolds
  14 quokkas
  8 bats
  3 frilled lizards
  A goblin zombie (Ossuary)
  8 hobgoblin zombies (Ossuary)
  11 kobold zombies (Ossuary)
  11 orc zombies
  9 rats
  2 rat zombies (Ossuary)
288 creatures vanquished.

Vanquished Creatures (collateral kills)
  A two-headed ogre (D:11)
  A cane toad (Lair:1)
  A gargoyle (D:11)
  An unseen horror (D:11)
  2 slime creatures (D:12)
  11 yaks
  A basilisk (Lair:2)
  2 acid dragons
  A water moccasin (Lair:1)
  2 orc warriors
  An ogre (D:7)
  2 centaurs
  2 kobold brigands
  A bullfrog (Lair:2)
  A necrophage (D:7)
  A scorpion (D:6)
  A wight (D:9)
  A killer bee (D:11)
  2 orc priests
  2 hell rats (D:7)
  2 orc wizards
  A river rat (D:7)
  6 orcs
  2 goblins (D:8)
  2 quokkas (D:7)
  4 kobolds
  3 rats (D:7)
  5 foxfires
62 creatures vanquished.

Vanquished Creatures (others)
  10 battlemagi
  2 ancestors (D:6)
  3 demonic plants (D:6)
  635 foxfires
  4 fungi
  14 plants
668 creatures vanquished.

Grand Total: 1018 creatures vanquished

Notes
Turn   | Place    | Note
-------+----------+-------------------------------------------
     0 | D:1      | croobank the Demonspawn Fire Elementalist began the quest
                  | for the Orb.
     0 | D:1      | Reached XP level 1. HP: 13/13 MP: 3/3
   120 | D:1      | Gained mutation: You are partially covered in sharp spines.
                  | [demonic ancestry]
   120 | D:1      | Reached XP level 2. HP: 2/19 MP: 3/5
   397 | D:1      | Learned a level 2 spell: Scorch
  1500 | D:2      | Gained mutation: You have a pair of small horns on your
                  | head. [demonic ancestry]
  1500 | D:2      | Reached XP level 3. HP: 24/24 MP: 6/6
  2467 | D:3      | Reached XP level 4. HP: 31/31 MP: 7/7
  2472 | D:3      | Learned a level 4 spell: Flame Wave
  3183 | D:4      | Noticed an ogre
  3193 | D:4      | Killed an ogre
  3194 | D:4      | Reached skill level 1 in Fighting
  3194 | D:4      | Gained mutation: You regenerate a little health from kills.
                  | [demonic ancestry]
  3194 | D:4      | Reached XP level 5. HP: 37/37 MP: 0/9
  3526 | D:4      | Found a staircase to the Ecumenical Temple.
  3535 | Temple   | Entered the Ecumenical Temple
  3641 | Temple   | Became a worshipper of Hepliaklqana the Forgotten
  3687 | D:4      | Noticed a phantom
  3696 | D:4      | Killed a phantom
  3697 | D:4      | Reached skill level 1 in Invocations
  3879 | D:4      | Gained mutation: You have a pair of horns on your head.
                  | [demonic ancestry]
  3879 | D:4      | Reached XP level 6. HP: 31/44 MP: 5/10
  3997 | D:4      | Found a sparkling altar of Nemelex Xobeh.
  4298 | D:5      | Entered Level 5 of the Dungeon
  4298 | D:5      | Found Uteschum's General Store.
  4366 | D:5      | Found a shimmering blue altar of Sif Muna.
  4478 | D:5      | Found a sand-covered staircase.
  4485 | Ossuary  | Entered an ossuary
  4903 | Ossuary  | Reached XP level 7. HP: 44/50 MP: 1/11
  5400 | D:5      | Bought a scroll of identify for 26 gold pieces
  6300 | D:6      | Reached * piety under Hepliaklqana
  6550 | D:6      | Gained mutation: You are partially covered in yellow
                  | scales. (AC +2) [demonic ancestry]
  6550 | D:6      | Reached XP level 8. HP: 12/51 MP: 1/13
  6857 | D:6      | Reached skill level 5 in Invocations
  8066 | D:7      | Found a hide-covered altar of Uskayaw.
  8135 | D:7      | Found an opulent altar of Gozag.
  8136 | D:7      | Found a bloodstained altar of Trog.
  8305 | D:7      | Reached ** piety under Hepliaklqana
  8306 | D:7      | Remembered your ancestor Ishtar-belessa as a battlemage
  8765 | D:7      | Reached XP level 9. HP: 48/58 MP: 10/15
  8956 | D:8      | Found a flagged portal.
  8983 | D:8      | Learned a level 3 spell: Inner Flame
  8984 | Bailey   | Entered a bailey
  9218 | Bailey   | Gained mutation: You have an increased reservoir of magic.
                  | (+10% MP) [potion of mutation]
  9218 | Bailey   | Gained mutation: You have a beak for a mouth. [potion of
                  | mutation]
  9229 | Bailey   | Reached skill level 5 in Fire Magic
  9234 | Bailey   | Reached skill level 5 in Stealth
  9485 | Bailey   | Found a burning altar of Makhleb.
  9614 | D:8      | Found an iron altar of Okawaru.
  9903 | D:8      | Reached *** piety under Hepliaklqana
 10181 | D:8      | Found a stormy altar of Qazlal.
 10252 | D:8      | Found a snail-covered altar of Cheibriados.
 10363 | D:8      | Found a sacrificial altar of Ru.
 10447 | D:9      | Found a runed translucent door.
 10455 | D:9      | Reached skill level 5 in Conjurations
 10484 | D:9      | Noticed Soil's ghost (novice NaFi)
 10533 | D:9      | Reached skill level 1 in Armour
 10533 | D:9      | Reached skill level 1 in Shields
 10533 | D:9      | Reached skill level 5 in Spellcasting
 10539 | D:9      | Reached skill level 5 in Dodging
 10577 | D:9      | Paralysed by a hornet for 1 turns
 10580 | D:9      | Gained mutation: You are mostly covered in yellow scales.
                  | (AC +3) [demonic ancestry]
 10580 | D:9      | Reached XP level 10. HP: 42/65 MP: 0/19
 11110 | D:9      | Found a shadowy altar of Dithmenos.
 11163 | D:9      | Found a staircase to the Lair.
 11319 | D:9      | Found a broken altar of Ashenzari.
 11383 | D:9      | Killed Soil's ghost
 11384 | D:9      | Reached skill level 2 in Armour
 11628 | D:10     | Entered Level 10 of the Dungeon
 11628 | D:10     | Found a blossoming altar of Fedhas.
 11946 | D:10     | Noticed Nergalle
 11958 | D:10     | Killed Nergalle
 11959 | D:10     | Reached skill level 4 in Armour
 12285 | D:10     | Reached **** piety under Hepliaklqana
 12392 | D:10     | Reached skill level 5 in Armour
 12405 | D:10     | Reached skill level 6 in Armour
 12863 | D:10     | Gained mutation: You regenerate health from kills. [demonic
                  | ancestry]
 12863 | D:10     | Reached XP level 11. HP: 59/70 MP: 15/21
 13094 | D:11     | Reached skill level 7 in Armour
 13239 | D:11     | Noticed a two-headed ogre
 13246 | D:11     | Killed a two-headed ogre
 13440 | D:11     | Noticed Urug
 13452 | D:11     | Killed Urug
 13453 | D:11     | Reached skill level 8 in Armour
 13805 | D:11     | Found a staircase to the Orcish Mines.
 14525 | D:12     | Noticed an eight-headed hydra
 14531 | D:12     | Noticed a centaur warrior
 14538 | D:12     | Reached skill level 9 in Armour
 14540 | D:12     | Killed a centaur warrior
 14859 | D:12     | Noticed a cyan ugly thing
 14862 | D:12     | Reached ***** piety under Hepliaklqana
 14869 | D:12     | Killed a cyan ugly thing
 14870 | D:12     | Noticed a two-headed ogre
 14889 | D:12     | Killed a two-headed ogre
 15178 | D:12     | Reached skill level 1 in Hexes
 15857 | Lair:1   | Entered Level 1 of the Lair of Beasts
 15867 | Lair:1   | Reached skill level 5 in Fighting
 16292 | Lair:1   | Noticed a five-headed hydra
 16298 | Lair:1   | Killed a five-headed hydra
 16299 | Lair:1   | Gained mutation: You are mostly covered in sharp spines.
                  | [demonic ancestry]
 16299 | Lair:1   | Reached XP level 12. HP: 77/77 MP: 23/23
 16364 | Lair:1   | Noticed a four-headed hydra
 16371 | Lair:1   | Killed a four-headed hydra
 16421 | Lair:1   | Noticed a boulder beetle
 16433 | Lair:1   | Killed a boulder beetle
 17175 | Lair:2   | Found a gate leading to a gauntlet.
 17198 | Gauntlet | Entered a Gauntlet
 17198 | Gauntlet | Found a transporter.
 17198 | Gauntlet | Found a transporter.
 17226 | Gauntlet | Found a transporter.
 17232 | Gauntlet | Found a transporter.
 17239 | Gauntlet | Found a transporter.
 17243 | Gauntlet | Found a transporter.
 17253 | Gauntlet | Found a transporter.
 17261 | Gauntlet | Found a transporter.
 17279 | Gauntlet | Found a transporter.
 17286 | Gauntlet | Found a transporter.
 17304 | Gauntlet | Found a transporter.
 17403 | Gauntlet | Found a transporter.
 17505 | Gauntlet | Killed from afar by an oklob plant

Illustrated notes

Levels and vault maps discovered:
D:1:      dpeg_arrival_arbitrary_a, layout_loops_cross, minmay_misc_feat_encased
D:2:      layout_rooms, interstate_on_off, dreamdust_princess_corridor,
          nicolae_titane
D:3:      kennysheep_the_goblin_king, layout_loops_cross,
          chequers_serial_rivers_micro_a
D:4:      layout_basic, nemelex_xobeh_ov_fountains_minmay,
          minmay_temple_entry_antechambers
D:5:      layout_layer_cave, mainiacjoe_overflow_small_starburst,
          nicolae_ossuary_entry_giza, gup_sewer_entry_pipe, serial_shops, shop
D:6:      layout_basic, serial_demonic, serial_demonic_g, serial_demonic_d,
          serial_demonic_c, serial_demonic_d
D:7:      lemuel_ratsnest, layout_basic, lemuel_tele_altar,
          gammafunk_temple_overflow_pools
D:8:      layout_loops_ring, kennysheep_slug_shrine,
          nicolae_qazlal_eye_of_the_storm, okawaru_gym_becter,
          nicolae_ru_the_path_less_chosen, enter_bailey_5
D:9:      layout_rooms, old_standard_altar, mainiacjoe_overflow_catwalk,
          grunt_lair_entry_orc_guard_hut, gammafunk_ghost_grave
D:10:     layout_loops_ring, fedhas_altar_1, grunt_decor_resistance,
          hangedman_decor_slide_cut, uniq_nergalle
D:11:     layout_gridville, orc_0_dummy, minmay_misc_feat_tiny,
          serial_bayou_pond_a, uniq_urug
D:12:     layout_loops_ring
D:13:     layout_basic, hangedman_vaults_entry_quadrant_bands, fountainhead,
          kennysheep_opposing_triangles
Temple:   compressed_dpeg_circular_temple
Lair:1:   layout_cellular_growth, chequers_serial_rivers_small_3,
          nzn_sisyphean_effort, grunt_megastairs_4, infiniplex_staircase_pool_2
Lair:2:   layout_chaotic_city, minmay_swamp_entry_worms, dummy_snake_entry,
          gauntlet_entry_generic
Gauntlet: gammafunk_gauntlet_shortcut [gammafunk_gauntlet_arena_grid,
          nicolae_gauntlet_arena_quarters, gammafunk_gauntlet_arena_spirals,
          gammafunk_gauntlet_arena_corners, nicolae_gauntlet_swirl,
          nicolae_gauntlet_arena_flowing_pool,
          nicolae_gauntlet_exit_dead_adventurers]

Skill      XL: |  1  2  3  4  5  6  7  8  9 10 11 12 |
---------------+-------------------------------------+-----
Stealth        | 2 3 4 5 6 |  6.5
Dodging        | 2 3 4 5 6 |  6.0
Fire Magic     | 3 4 5 6 |  6.4
Fighting       | 1 2 3 4 5 |  5.4
Conjurations   | 2 3 4 5 6 |  6.4
Invocations    | 1 3 4 6 8 |  8.3
Spellcasting   | 3 4 5 6 |  6.1
Armour         | 1 6 9 |  9.8
Shields        | 1 2 3 |  3.4
Hexes          | 2 |  2.6
Ice Magic      | |  0.5

Action                   |  1- 3 |  4- 6 |  7- 9 | 10-12 || total
-------------------------+-------+-------+-------+-------++-------
Melee: Unarmed           |     2 |       |       |       ||     2
       Short sword       |    23 |    30 |    75 |    17 ||   145
       Punch             |     1 |     1 |     2 |       ||     4
       Headbutt          |       |    10 |    10 |     2 ||    22
       Peck              |       |       |     3 |     2 ||     5
 Fire: Sling             |    18 |    36 |       |       ||    54
 Cast: Foxfire           |    46 |    39 |   154 |   149 ||   388
       Scorch            |     7 |    31 |    80 |   161 ||   279
       Flame Wave        |       |       |     2 |     2 ||     4
Invok: Ancestor Life: Ba |       |       |     1 |       ||     1
  Use: Potion            |     1 |       |     7 |     1 ||     9
       Scroll            |       |     9 |     9 |     5 ||    23
 Stab: Sleeping          |     2 |       |       |       ||     2
       Distracted        |       |       |     1 |       ||     1
Armor: Robe              |     8 |     4 |    18 |       ||    30
       Skin              |       |       |     6 |       ||     6
       Quicksilver drago |       |       |     5 |    30 ||    35
Dodge: Dodged            |    41 |    25 |   112 |    59 ||   237
